Cogmind - Beta 15 @@@ ROGUE MODE // 2025.08.01 @ 07:45:50 Player: DURANDAL Result: Destroyed by Autobeam Turret with Autobeam Performance ------------- Evolutions (0) 0 Regions Visited (2) 400 Robots Destroyed (15) 75 Value Destroyed (308) 308 Prototype IDs (0) 0 Alien Tech Used (0) 0 Bonus (0) 0 TOTAL SCORE: 783 Bonus ------- None Cogmind --------- Core Integrity 0/250 Matter 300/300 Energy 67/100 System Corruption 0% Temperature Cool (6) Movement Treading (480) Ox4 Location -10/Subcaves Parts ------- > --- POWER (1) -------- (None) > --- PROPULSION (2) --- Light Treads > --- UTILITY (2) ------ Huge Storage Unit Subdweller Optics > --- WEAPON (2) ------- EM Pulse Gun Small Laser > --- INVENTORY (25) --- Subdweller Power Source Aluminum Leg Small Storage Unit Medium Matter Pod (55) Subdweller Optics Scrap Shield Small Laser Scrap Shield Fragment (49) Scrap Shield Fragment (47) Scrap Shield Fragment (46) Scrap Shield Fragment (40) Scrap Shield Fragment (39) Peak State ------------ > --- POWER ------------ (None) > --- PROPULSION ------- Light Treads > --- UTILITY ---------- Huge Storage Unit Subdweller Optics > --- WEAPON ----------- EM Pulse Gun Small Laser > --- INVENTORY -------- Subdweller Power Source Aluminum Leg Small Storage Unit Medium Matter Pod Subdweller Optics Scrap Shield Small Laser Scrap Shield Fragment Scrap Shield Fragment Scrap Shield Fragment Scrap Shield Fragment [Rating: 8] Favorites ----------- Power Light Ion Engine Engine Light Ion Engine Propulsion Light Treads Treads Light Treads Leg Aluminum Leg Utility Huge Storage Unit Device Subdweller Optics Storage Huge Storage Unit Weapon Small Laser Energy Gun Small Laser Ballistic Gun Light Assault Rifle Build | -11 -10 -10 ------- Run | Yrd Mat Sub Slots Evolved . | . . . Power . | . . . Propulsion . | . . . Utility . | . . . Weapon . | . . . Parts Attached 17 | 6 4 7 Power 1 | 1 . . Engine 1 | 1 . . Core . | . . . Reactor . | . . . Propulsion 5 | 2 . 3 Treads 3 | 2 . 1 Leg 2 | . . 2 Wheel . | . . . Hover . | . . . Flight . | . . . Utility 4 | 1 2 1 Device 2 | . 1 1 Storage 2 | 1 1 . Processor . | . . . Hackware . | . . . Protection . | . . . Artifact . | . . . Weapon 7 | 2 2 3 Energy Gun 3 | 2 . 1 Energy Cannon . | . . . Ballistic Gun 4 | . 2 2 Ballistic Cannon . | . . . Launcher . | . . . Special Weapon . | . . . Impact Weapon . | . . . Slashing Weapon . | . . . Piercing Weapon . | . . . Special Melee Weapon . | . . . Unidentified Prototypes . | . . . Parts Lost 9 | . 1 8 Power 1 | . . 1 Propulsion 3 | . . 3 Utility 1 | . 1 . Weapon 4 | . . 4 Highest Loss Streak 5 | . 1 5 To Critical Strikes . | . . . Average Backups 6 | 1 7 6 Power . | . . . Propulsion 1 | . 2 1 Utility 2 | . 1 2 Weapon 2 | 1 3 2 Tool/Special . | . . . Unused Backups 3 | . . 3 Power 1 | . . 1 Propulsion . | . . . Utility 2 | . . 2 Weapon . | . . . Tool/Special . | . . . Average Slot Usage (%) 74 | . 87 65 Engine 6 | . 14 1 Treads 14 | . 28 5 Leg 9 | . . 15 Device 3 | . 2 4 Storage 14 | . 14 14 Energy Gun 12 | . 12 11 Ballistic Gun 12 | . 15 10 Peak Build Rating 8 | 6 7 8 Average Rating 5 | 4 6 5 On Entrance 4 | . 6 7 Naked Turns . | . . . Heaviest Build 87 | 10 87 86 Greatest Support 40 | 40 40 40 Greatest Overweight (x) 8 | 3 2 8 Average Overweight (x) 2 | . 1 4 Largest Inventory Capacity 25 | 8 25 25 Average Capacity 24 | 7 24 25 Most Carried 13 | 4 10 13 Average Carried 7 | 2 7 8 Final Capacity 25 | 8 25 25 Final Carried 13 | 3 10 13 Class Distribution -------------------- 100% | Mutant Dominant Class ---------------- Mutant | -10/Materials Mutant | -10/Subcaves Resources | -11 -10 -10 ----------- Run | Yrd Mat Sub Matter Collected 533 | 227 96 210 Remotely . | . . . Salvage Created 383 | . 189 194 Parts 31 | . 13 18 Haulers Intercepted . | . . . Recyclers Shooed 1 | . 1 . Parts Field Recycled . | . . . Retrieved Matter . | . . . Parts Self-Destructed 17 | . . 17 Prevented . | . . . Kills | -11 -10 -10 ------- Run | Yrd Mat Sub Combat Hostiles Destroyed 13 | . 6 7 Guns 13 | . 6 7 Classes Destroyed 5 | . 3 2 Operator 1 | . 1 . Turret 1 | . . 1 Swarmer 8 | . 3 5 Grunt 3 | . 3 . Subdweller 2 | . . 2 Best Kill Streak 3 | . 3 3 Combat Bots Only 3 | . 3 3 Max Kills in Single Turn 1 | . 1 1 Gunslinging . | . . . Exploded . | . . . Melee . | . . . Uniques/NPCs Destroyed . | . . . Combat | -11 -10 -10 -------- Run | Yrd Mat Sub Hostile Shots Fired 186 | . 37 149 Missed 59 | . 10 49 Hits 127 | . 27 100 Projectile 127 | . 27 100 Damage Taken 1204 | . 254 950 Core 253 | . 57 196 Absorbed by Shields . | . . . Core Remaining (%) 100 | 100 . . Volleys Fired 75 | . 19 56 Largest 2 | . 2 2 Hottest 80 | . 60 80 Shots Fired 115 | . 38 77 Gun 115 | . 38 77 Cannon . | . . . Launcher . | . . . Special . | . . . Kinetic 93 | . 32 61 Thermal 14 | . 6 8 Explosive . | . . . Electromagnetic 8 | . . 8 Robot Hit Streak 15 | . 14 15 Robot Miss Streak 3 | . 2 3 Penetration Max . | . . . Secondary Targets 2 | . 1 1 Max Gunslinging Chain 1 | . 1 1 Shots Hit Robots 79 | . 29 50 Core Hits 27 | . 10 17 Critical Kills . | . . . Critical Parts Destroyed . | . . . Critical Strikes . | . . . Melee Attacks . | . . . Impact . | . . . Slashing . | . . . Piercing . | . . . Sneak Attacks . | . . . Combat Hostiles . | . . . Follow-up Attacks . | . . . Damage Inflicted 796 | . 326 470 Guns 784 | . 314 470 Cannons . | . . . Explosions . | . . . Melee . | . . . Ramming 12 | . 12 . Kinetic 597 | . 259 338 Thermal 123 | . 55 68 Explosive . | . . . Electromagnetic 64 | . . 64 Impact . | . . . Slashing . | . . . Piercing . | . . . Highest Corruption . | . . . Average Corruption . | . . . Corruption Purged . | . . . Corruption Blocked . | . . . Overload Shots . | . . . Overflow Damage . | . . . Projectiles . | . . . Explosions . | . . . Melee . | . . . Knockbacks 1 | . 1 . Impact 1 | . 1 . Kinetic . | . . . Secondary . | . . . Self-Inflicted Damage . | . . . Shots . | . . . Rammed 3 | . 3 . Targets Rammed 3 | . 3 . Kicked . | . . . Crushed . | . . . Highest Temperature 12 | . 12 1 Average Temperature 7 | . 8 1 Received Heat Transfer 420 | . 78 342 Siege Activations . | . . . Martial Activations . | . . . Shielding Activations . | . . . Robots Disrupted . | . . . Combat Hostiles . | . . . Robots Corrupted . | . . . Combat Hostiles . | . . . Parts Fried . | . . . Impact Corruptions . | . . . Robots Melted . | . . . Combat Hostiles . | . . . Parts Melted . | . . . Heat Transferred 275 | . 125 150 Parts Sabotaged . | . . . Parts Stolen . | . . . Parts Stripped . | . . . Power Chain Reactions . | . . . Alert | -11 -10 -10 ------- Run | Yrd Mat Sub Maximum Alert Level . | . . . Low Security (%) 100 | 100 100 . Level 1 . | . . . Level 2 . | . . . Level 3 . | . . . Level 4 . | . . . Level 5 . | . . . High Security . | . . . Max Security . | . . . Peak Influence 80 | . 80 . Initial . | . . . Average 21 | . 23 . Influence Increases 376 | . 171 205 Destroy 0b10 Robot/C 240 | . 120 120 Destroy 0b10 Robot/NC 5 | . 5 . Destroy Leader 40 | . 30 10 Successful Hack 15 | . 15 . Destroy Structure 1 | . 1 . Lose Combat Pursuer 75 | . . 75 Influence Decreases 376 | . 142 234 Entered New Map 15 | . . 15 Time Decay 301 | . 132 169 Lost Part 60 | . 10 50 Squads Dispatched 2 | . 2 . Investigation 1 | . 1 . Extermination . | . . . Reinforcement 1 | . 1 . Assault . | . . . Garrison . | . . . Intercept . | . . . Searches Triggered . | . . . Construction Impeded . | . . . Haulers Reinforced . | . . . Active Scanning Responses . | . . . Cargo Convoy Interrupts . | . . . Stealth | -11 -10 -10 --------- Run | Yrd Mat Sub Distress Signals . | . . . Communications Jammed . | . . . Distress Signals . | . . . Times Spotted 23 | . 8 15 Peak Tracking Total 6 | . 3 6 Tactical Retreats 4 | . . 4 Traps | -11 -10 -10 ------- Run | Yrd Mat Sub Traps Triggered . | . . . Indirectly . | . . . Trap Hack Attempts . | . . . Triggered . | . . . Disarmed . | . . . Reprogrammed . | . . . Reused . | . . . Traps Extracted . | . . . Installed . | . . . Triggered . | . . . Machines | -11 -10 -10 ---------- Run | Yrd Mat Sub Machines Disabled 1 | . . 1 Max in Single Turn 1 | . . 1 Machines Repaired . | . . . Machines Dismantled . | . . . Machines Sabotaged . | . . . Overloaded Fab Kills . | . . . Hacking | -11 -10 -10 --------- Run | Yrd Mat Sub Machines Accessed 2 | . 2 . Terminals 2 | . 2 . Fabricators . | . . . Repair Stations . | . . . Recycling Units . | . . . Scanalyzers . | . . . Garrison Access . | . . . Total Hacks 6 | . 6 . Successful 3 | . 3 . Failed 3 | . 3 . Catastrophic . | . . . Database Lockouts . | . . . Manual . | . . . Terminals 6 | . 6 . Fabricators . | . . . Repair Stations . | . . . Recycling Units . | . . . Scanalyzers . | . . . Garrison Access . | . . . Terminal Hacks 3 | . 3 . Robot Analysis 1 | . 1 . Level Access Points 1 | . 1 . Branch Access Points 1 | . 1 . Fabricator Hacks . | . . . Repair Station Hacks . | . . . Recycling Unit Hacks . | . . . Scanalyzer . | . . . Garrison Access Hacks . | . . . Unauthorized Hacks . | . . . Terminals . | . . . Fabricators . | . . . Repair Stations . | . . . Recycling Units . | . . . Scanalyzers . | . . . Garrison Access . | . . . Data Cores Recovered . | . . . Used . | . . . Hacking Detections 1 | . 1 . Full Trace Events 1 | . 1 . Feedback Events . | . . . Feedback Blocked . | . . . Robot Schematics Acquired . | . . . Robots Built . | . . . Authchips . | . . . Time . | . . . Total Robot Build Rating . | . . . Part Schematics Acquired . | . . . Parts Built . | . . . Authchips . | . . . Time . | . . . Total Part Build Rating . | . . . Parts Repaired . | . . . Time . | . . . Parts Recycled . | . . . Recycled Matter . | . . . Retrieved Matter . | . . . Retrieved Components . | . . . Parts Scanalyzed . | . . . Part Schematics Acquired . | . . . Parts Damaged . | . . . Bothacking | -11 -10 -10 ------------ Run | Yrd Mat Sub Used RIF Installer . | . . . Robots Hacked . | . . . Non-combat . | . . . Combat . | . . . Robot Hacks Applied . | . . . Relay Couplers Released . | . . . Fabnet Peak Effective % . | . . . Robots Rewired . | . . . Allies Hacked . | . . . Hacks Repelled . | . . . Allies | -11 -10 -10 -------- Run | Yrd Mat Sub Total Allies . | . . . Largest Group . | . . . Highest-Rated Group . | . . . Highest-Rated Ally . | . . . Total Orders . | . . . Ally Attacks . | . . . Total Damage . | . . . Kills . | . . . Allies Corrupted . | . . . Allies Melted . | . . . Intel | -11 -10 -10 ------- Run | Yrd Mat Sub Active Infowar (turns) 468 | . 117 351 Optics 351 | . . 351 Sensors 117 | . 117 . Robot Analysis Total 1 | . 1 . Derelict Logs Recovered 1 | . . 1 Drone Launches . | . . . Drone Recoveries . | . . . Exploration | -11 -10 -10 ------------- Run | Yrd Mat Sub Turns Passed 1728 | 86 656 986 Spaces Moved 404 | 47 176 181 Core 16 | 16 . . Treads 259 | 31 176 52 Legs 129 | . . 129 Wheels . | . . . Hover . | . . . Flight . | . . . Fastest Speed 50 | 50 160 320 Average Speed 361 | 154 313 462 Slowest Speed 680 | 200 320 680 Overloaded Moves . | . . . Propulsion Burnouts . | . . . Robots Hopped . | . . . Potential Cave-ins . | . . . Cave-ins Triggered . | . . . Exploration Rate (%) 17 | 4 37 10 Regions Visited 2 Branch Regions 1 Pre-discovered Areas . | . . . Known Exits Taken . | . . . Unknown Exits Taken 2 | 1 1 . Scrap Searched . | . . . Spaces Dug . | . . . Terrain Destroyed . | . . . Melee . | . . . Projectile . | . . . AOE . | . . . Terrain Rammed . | . . . Walls Destroyed . | . . . Machines Disabled . | . . . Actions | -11 -10 -10 --------- Run | Yrd Mat Sub Total 565 | 61 241 263 Wait 38 | . 29 9 Move 402 | 46 175 181 Hop . | . . . Pick Up 26 | 9 8 9 Fast Attach . | . . . Attach 17 | 6 4 7 Detach 3 | . 3 . Swap 1 | . . 1 Drop . | . . . Fire 75 | . 19 56 Melee . | . . . Ram . | . . . Kick . | . . . Crush 3 | . 3 . Escape Stasis . | . . . Rewire . | . . . Trap . | . . . Miscellaneous . | . . . Route ------- -11/Scrapyard -10/Materials (discovered 6 exits: *Mat x3 / *Min x2 / [*Sub]) -10/Subcaves (discovered 1 exit: [*Rec]) History --------- Turn | Location | Event 13 | -11/Scrapyard | Discovered new exit (range 15) 87 | -11/Scrapyard | Entered Materials 159 | -10/Materials | Discovered new exit (range 12) 313 | -10/Materials | Build established: Mutant 345 | -10/Materials | Identified exit to Materials 576 | -10/Materials | Identified exit to Mines 695 | -10/Materials | Discovered new exit (range 8) 743 | -10/Materials | Entered Subcaves 743 | -10/Subcaves | Learned location of 1 exit from Materials 744 | -10/Subcaves | Approached by a straggling Scientist 855 | -10/Subcaves | Discovered new exit (range 10) 956 | -10/Subcaves | Lost 5 parts (2n3w) 994 | -10/Subcaves | Core integrity fell below 50% 1153 | -10/Subcaves | A swath of the cavern ceiling suddenly collapsed 1288 | -10/Subcaves | Disturbed a concealed Subdweller 1722 | -10/Subcaves | Core integrity fell below 20% 1729 | -10/Subcaves | Destroyed by Autobeam Turret with Autobeam Last Messages --------------- 01341_ Acquired Corrupted Sub. Power Source. 01349_ Acquired Sub. Optics. 01352_ Subatomizers dissect the Sub. Monowheel. 01356_ Acquired 47 matter. 01377_ Acquired Sub. Optics. 01379_ Subatomizers dissect the Sub. Monowheel. 01381_ 5N-QBJ(u) builds Twisted Machinery. 01393_ Subatomizers dissect the Sub. Monowheel. 01516_ Subatomizers dissect the Sub. Monowheel, destroying it. 01530_ Subatomizers dissect the Disposable Heat Sink. 01583_ Subatomizers dissect the Disposable Heat Sink, destroying it. 01660_ Acquired Scrap Shield. 01669_ Acquired 20 matter. 01684_ Acquired Scrap Shield Fragment. 01685_ Acquired 42 matter. 01694_ Acquired Scrap Shield Fragment. Map ----- +----------------------------------------------------+ | ??????????????????? ?????????????????????????????? | | ??????????????????? ????????????????????????????? | | ???????????????????# ???????????#????????????????? | | ???????????????????# ?????????? #????????????????? | | ???????????????????# ?????????? #????????????????? | | ???????????????????# ??????#### #????????????????? | | ??????????????????## ??????# # ##???????????????? | | ?????????????????## ??##### #?###???????????? | | ?????????????????# ### # #?? #???????????? | | ?????????????????# #???#" ???????????? | | ?????????????????# ##???# #???????????? | | ?????????????????#### ## # ####### ####????????? | | ???????????????????## #### % # ""##???????? | | ??????????????###### #??## ""%" ##??????? | | ????????##???## # ##???# # # # #??????? | | ????????# #?##% ##????######### #??????? | | ???????## ## ## ##????????????## ##??????? | | ??????## ### ##???????????? #???????? | | ??????# ## #???##??????? ??????? | | ?????? % #?# #### ##????? #### ????? | | ??????? ## %% #### ## #????? #????# ???? | | ??????????# % # #???? ?????? ##??? | | ???######## % #????# ???????###???? | | ???#% ## % ##???? #?????????????? | | ??## #?????#??????????????? | | ?## % #@ #????????????????????? | | ?# ###### ##### #????????????????????? | | ## ##????# ###???# #????????????????????? | | # #####???## #????? ???????????????????? | | # #"" #????#####????? ??????????????????? | | " "" ##????????????? % #?????????????????? | | " & #####????????? t "#?????????????????? | | "" & ####???????? " "#?????????????????? | | "" && ""# #???????""" "" "#?????????????????? | | "" & #""# #??????###<#####?????????????????? | | # # "# #?????????##?????????????????????? | | % # ##????????????????????????????????? | | ### "#?? ???????????????????????????????? | | #"$" ""#????? ??????????????????????????????? | | "$"" ###?????????????????????????????????????? | | $"$$# #???????????????????????????????????????? | | ""### ####???????????????????????????????????????? | | ### #??????????????????????????????????????????? | | ###??????????????????????????????????????????? | | #####????????????????????????????????????????????? | | ?????????????????????????????????????????????????? | | ?????????????????????????????????????????????????? | | ?????????????????????????????????????????????????? | | ?????????????????????????????????????????????????? | | ?????????????????????????????????????????????????? | +----------------------------------------------------+ Best States ------------- Heat Dissipation 25 Energy Generation 10 Energy Capacity 125 Matter Stores 300 Matter Capacity 300 Sight Range 21 Robot Scan Range 14 Terrain Scan Density 10 Evasion (%) 40 Recoil Reduction 2 Item Schematics ----------------- None Robot Schematics ------------------ None Fabricated ------------ Nothing Repaired ---------- Nothing Alien Tech Used ----------------- None Achievements -------------- None Challenges ------------ None Game ------ Seed CobblerDroneDissipator Manual? 0 Play Time 00:11:32 Cumulative 23.1 hours Start 2025.08.01 @ 07:34:41 End 2025.08.01 @ 07:45:50 Sessions 1 Manual Loads 0 Difficulty Rogue Special Mode None Game No. 43 Rogue 43 Adventurer 0 Explorer 0 Win Type - Total 0 Types 0/0/0/0/0/0/0/0/0/0 Lore% 18 Gallery% 17 Achievement% 19 Wizard Run 0 Options --------- Layout 1 ASCII 0 Keyboard 0 Movement Numpad Keybinds 0 Fullscreen 1 Font 32/SmallcapsGlow Map View 50x35 Zoom Use 0% Tactical HUD 1 Map Filters NONE Filters NONE Steam 1 RUN: 2da81ca3-51e4-4434-9bbc-738eeb117cd0